[Event "Chessable Masters - Torneo preliminare"]
[White "Anton Guijarro, David"]
[Black "Matamoros Franco, Carlos S."]
[WhiteFideId "2285525"]
[BlackFideId "3600017"]
[WhiteElo "2635"]
[BlackElo "2407"]
[Result "1-0"]
[Round "2"]
[TimeControl "600+2"]
[Date "2023.03.13"]
[WhiteClock "0:03:49"]
[BlackClock "0:02:37"]

1. Nf3 Nf6 2. b3 g6 3. Bb2 Bg7 4. g3 d6 5. d4 a5 6. Bg2 a4 7. c4 O-O 8. O-O c5 9. dxc5 dxc5 10. Qc1 axb3 11. axb3 Rxa1 12. Bxa1 Qb6 13. Qa3 Nc6 14. Nc3 Nb4 15. Na4 Qa5 16. Bb2 Bd7 17. Nxc5 Qxc5 18. Bd4 Qd6 19. c5 Nc2 20. Qb2 Qe6 21. Qxc2 Bb5 22. Re1 Ra8 23. Qb2 Qa6 24. Ne5 Ne8 25. Nc4 Bxd4 26. Qxd4 Bc6 27. Nb6 1-0


[Site "Internet"]

[Event "Chessable Masters - Torneo preliminare"]
[White "Drygalov, Sergey"]
[Black "Haub, Thorsten Michael"]
[WhiteFideId "24171743"]
[BlackFideId "4610776"]
[WhiteElo "2461"]
[BlackElo "2456"]
[Result "1-0"]
[Round "2"]
[TimeControl "600+2"]
[Date "2023.03.13"]
[WhiteClock "0:05:20"]
[BlackClock "0:05:10"]

1. d4 e6 2. c4 f5 3. Nf3 Nf6 4. g3 Be7 5. Bg2 O-O 6. O-O Ne4 7. Nc3 Bf6 8. Qd3 Nxc3 9. bxc3 d6 10. e4 g6 11. Bh6 Re8 12. h4 Nc6 13. Rfe1 e5 14. Ng5 f4 15. gxf4 Bg7 16. Bxg7 Kxg7 17. d5 Nb8 18. fxe5 dxe5 19. f4 h6 20. Nf3 Nd7 21. fxe5 Nxe5 22. Nxe5 Rxe5 23. Qd4 Qe7 24. c5 Bd7 25. d6 cxd6 26. cxd6 Qe8 27. Rf1 b6 28. Rf3 Rc8 29. Raf1 Rc5 30. Qf2 1-0


[Site "Internet"]

[Event "Chessable Masters - Torneo preliminare"]
[White "Wagner, Dennis"]
[Black "Sarana, Alexey"]
[WhiteFideId "24650684"]
[BlackFideId "24133795"]
[WhiteElo "2456"]
[BlackElo "2643"]
[Result "1/2-1/2"]
[Round "2"]
[TimeControl "600+2"]
[Date "2023.03.13"]
[WhiteClock "0:02:28"]
[BlackClock "0:05:12"]

1. d4 Nf6 2. Nf3 d5 3. c4 e6 4. g3 Bb4+ 5. Bd2 Be7 6. Bg2 c6 7. O-O b6 8. Qc2 O-O 9. Rd1 Nbd7 10. b3 Bb7 11. Nc3 Rc8 12. e4 dxe4 13. Nxe4 c5 14. Nxf6+ Bxf6 15. Ng5 Bxg5 16. Bxb7 Rc7 17. Be4 g6 18. d5 exd5 19. Bxd5 Bxd2 20. Rxd2 Qf6 21. Re1 Kg7 22. Rde2 Nb8 23. Qb2 Qxb2 24. Rxb2 Rd8 25. Rbe2 Rdd7 26. Kg2 Na6 27. a3 Nb8 28. h4 Nc6 29. Bxc6 Rxc6 30. Re7 Rcc7 31. Rxd7 Rxd7 32. Re3 h5 33. Kf3 Rd2 34. Re2 Rd1 35. Re3 Rb1 36. Rd3 Kf6 37. Ke4 Ke6 38. Re3 Rd1 39. Kf4+ Kf6 40. Ke4 Rd4+ 41. Kf3 Rd2 42. a4 Kf5 43. Rc3 f6 44. Ke3 Rd4 45. Kf3 g5 46. hxg5 fxg5 47. Re3 Rd2 48. Kg2 Rb2 49. Kf3 Rb1 50. Kg2 Rd1 51. Kf3 Rd6 52. Kg2 Re6 53. Rf3+ Kg6 54. Rd3 Re1 55. Rd7 Rb1 56. Rxa7 Rxb3 57. a5 b5 58. cxb5 Rxb5 59. a6 Ra5 60. Rc7 Rxa6 61. Rxc5 1/2-1/2


[Site "Internet"]

[Event "Chessable Masters - Torneo preliminare"]
[White "Mamedov, Rauf"]
[Black "Alonso Rosell, Alvar"]
[WhiteFideId "13401653"]
[BlackFideId "2270544"]
[WhiteElo "2632"]
[BlackElo "2473"]
[Result "0-1"]
[Round "2"]
[TimeControl "600+2"]
[Date "2023.03.13"]
[WhiteClock "0:03:43"]
[BlackClock "0:03:42"]

1. e4 e5 2. Nf3 Nc6 3. Bb5 a6 4. Ba4 d6 5. c3 Bd7 6. d4 g6 7. dxe5 Nxe5 8. Bxd7+ Nxd7 9. O-O Bg7 10. Bg5 Ngf6 11. Nbd2 O-O 12. Re1 Re8 13. Qc2 a5 14. Rad1 h6 15. Bh4 a4 16. Nc4 b5 17. Ncd2 Qb8 18. Bg3 Nh5 19. a3 Qb7 20. Bh4 Nc5 21. Nd4 Re5 22. f3 Rae8 23. Bf2 d5 24. b4 axb3 25. N2xb3 Nxb3 26. Qxb3 dxe4 27. fxe4 Nf4 28. Re3 Rxe4 29. Rf3 c5 30. Qxb5 Bxd4 31. Qxe8+ Rxe8 32. cxd4 Ne2+ 0-1


[Site "Internet"]

[Event "Chessable Masters - Torneo preliminare"]
[White "Henriquez Villagra, Cristobal"]
[Black "Wei, Yi"]
[WhiteFideId "3409350"]
[BlackFideId "8603405"]
[WhiteElo "2574"]
[BlackElo "2716"]
[Result "0-1"]
[Round "2"]
[TimeControl "600+2"]
[Date "2023.03.13"]
[WhiteClock "0:00:31"]
[BlackClock "0:03:59"]

1. d4 Nf6 2. Nf3 g6 3. g3 Bg7 4. Bg2 O-O 5. O-O d6 6. c4 Bf5 7. Nc3 Ne4 8. Nh4 Nxc3 9. bxc3 Bc8 10. Qb3 Nc6 11. Be3 e5 12. Rad1 Qe8 13. Nf3 b6 14. c5 Ba6 15. Qc2 Rd8 16. d5 Ne7 17. cxd6 cxd6 18. c4 Nf5 19. Bh3 Nxe3 20. fxe3 Bh6 21. e4 Rb8 22. Kg2 Rb7 23. Qb3 Re7 24. Rf2 Qd8 25. Qa4 Bb7 26. Qb3 Qc7 27. e3 Qc5 28. Rd3 a5 29. Nd2 Ba6 30. Rf1 b5 31. Rc1 Rc7 32. cxb5 Qxc1 33. bxa6 Rc2 34. Bd7 Rxd2+ 0-1


[Site "Internet"]

[Event "Chessable Masters - Torneo preliminare"]
[White "Christiansen, Johan-Sebastian"]
[Black "Bortnyk, Olexandr"]
[WhiteFideId "1512668"]
[BlackFideId "14120828"]
[WhiteElo "2481"]
[BlackElo "2643"]
[Result "0-1"]
[Round "2"]
[TimeControl "600+2"]
[Date "2023.03.13"]
[WhiteClock "0:06:09"]
[BlackClock "0:03:38"]

1. e4 Nf6 2. e5 Nd5 3. d4 d6 4. Nf3 dxe5 5. Nxe5 c6 6. Be2 Bf5 7. g4 Be6 8. c4 Nb6 9. a4 f6 10. a5 fxe5 11. axb6 Qxb6 12. dxe5 Nd7 13. Nc3 Nxe5 14. Be3 Qc7 15. Qd4 g5 16. Bxg5 Bg7 17. Qe4 O-O 18. f4 h6 19. f5 hxg5 20. fxe6 Rad8 21. Rf1 Rxf1+ 22. Kxf1 Qb6 23. Rd1 Rf8+ 24. Kg2 Qxb2 25. Na4 Qb4 26. Qc2 b5 27. cxb5 Nxg4 28. Bxg4 Qxg4+ 29. Kh1 Qf3+ 30. Kg1 Bd4+ 0-1


[Site "Internet"]

[Event "Chessable Masters - Torneo preliminare"]
[White "Nigmatov, Ortik"]
[Black "Dubov, Daniil"]
[WhiteFideId "14202131"]
[BlackFideId "24126055"]
[WhiteElo "2344"]
[BlackElo "2727"]
[Result "0-1"]
[Round "2"]
[TimeControl "600+2"]
[Date "2023.03.13"]
[WhiteClock "0:00:04"]
[BlackClock "0:01:54"]

1. e4 c5 2. Nf3 e6 3. d4 cxd4 4. Nxd4 Nf6 5. Nc3 Nc6 6. Ndb5 d6 7. Bf4 e5 8. Bg5 a6 9. Na3 b5 10. Nd5 Be7 11. Bxf6 Bxf6 12. c3 Rb8 13. Nc2 Bg5 14. a4 bxa4 15. Ncb4 Nxb4 16. cxb4 O-O 17. Bc4 Bd7 18. Rxa4 Bxa4 19. Qxa4 Kh8 20. O-O f5 21. exf5 Rxf5 22. Qxa6 Ra8 23. Qb7 e4 24. b5 e3 25. fxe3 Rxf1+ 26. Bxf1 Qf8 27. Qc6 Rc8 28. Qa6 Rc5 29. Nf4 Qe8 30. b6 Rc6 31. Qb5 Bxf4 32. exf4 Qe3+ 33. Kh1 Qxb6 34. Qf5 Qb8 35. h3 Rc1 0-1


[Site "Internet"]

[Event "Chessable Masters - Torneo preliminare"]
[White "Mamedyarov, Shakhriyar"]
[Black "Preotu, Razvan"]
[WhiteFideId "13401319"]
[BlackFideId "2613280"]
[WhiteElo "2703"]
[BlackElo "2532"]
[Result "1-0"]
[Round "2"]
[TimeControl "600+2"]
[Date "2023.03.13"]
[WhiteClock "0:06:44"]
[BlackClock "0:01:12"]

1. d4 Nf6 2. c4 g6 3. Nc3 d5 4. Nf3 Bg7 5. e3 O-O 6. cxd5 Nxd5 7. Bc4 Nb6 8. Bb3 c5 9. O-O cxd4 10. exd4 Nc6 11. d5 Na5 12. Re1 Bg4 13. h3 Bxf3 14. Qxf3 Re8 15. Rd1 Nxb3 16. axb3 Nc8 17. Be3 Nd6 18. Rxa7 Rxa7 19. Bxa7 Qa5 20. Qe3 Ra8 21. Bb6 Qa6 22. Bc5 Rc8 23. g4 b6 24. Bb4 Qb7 25. Na4 Rc2 26. Qxb6 Qxb6 27. Nxb6 Rxb2 28. Bxd6 exd6 29. Rd3 Kf8 30. Kg2 Ke7 31. Re3+ Kd8 32. Nc4 1-0


[Site "Internet"]

[Event "Chessable Masters - Torneo preliminare"]
[White "Pranav, V"]
[Black "Krzyzanowski, Marcin"]
[WhiteFideId "25060783"]
[BlackFideId "1132199"]
[WhiteElo "2462"]
[BlackElo "2435"]
[Result "1-0"]
[Round "2"]
[TimeControl "600+2"]
[Date "2023.03.13"]
[WhiteClock "0:00:15"]
[BlackClock "0:00:07"]

1. e4 c5 2. Nf3 Nc6 3. Bb5 g6 4. O-O Bg7 5. c3 Nf6 6. Re1 O-O 7. h3 Qb6 8. Bf1 d6 9. Na3 e5 10. Nc4 Qd8 11. a4 Be6 12. d3 h6 13. Bd2 Re8 14. b4 b6 15. Ne3 cxb4 16. cxb4 d5 17. exd5 Nxd5 18. b5 Nxe3 19. Rxe3 Nd4 20. Nxd4 Qxd4 21. Rc1 Rac8 22. Re4 Qb2 23. Rb1 Qc2 24. Qe1 f5 25. Reb4 Bf7 26. h4 Qa2 27. Bc3 Qd5 28. Rc4 Qd8 29. Rxc8 Qxc8 30. Rc1 Qd8 31. g3 Bd5 32. Qe2 Bb7 33. Qa2+ Kh7 34. h5 gxh5 35. Qf7 Qd5 36. Qxf5+ Kh8 37. Qxh5 Rf8 38. Bd2 Rf5 39. Qh4 Qf3 40. g4 Rf6 41. Be3 Rg6 42. g5 Bf6 43. Qh3 Bxg5 44. Qxf3 Bxf3 45. Kh2 Bf4+ 46. Bxf4 exf4 47. Bh3 Rd6 48. Rc4 Rxd3 49. Rxf4 Kg7 50. Bf5 Ra3 51. Be6 Bd1 52. Rf7+ Kg6 53. Rxa7 Rxa4 54. Rb7 Kg5 55. Rxb6 Bf3 56. Rb8 h5 57. Rg8+ Kf6 58. Bb3 Rh4+ 59. Kg3 Rg4+ 60. Kxf3 Rb4 61. Bc2 Rxb5 62. Rg6+ Kf7 63. Rh6 Rc5 64. Be4 Kg7 65. Rh7+ Kf6 66. Kf4 Ra5 67. f3 Rc5 68. Rh6+ Kg7 69. Rd6 Ra5 70. Rd5 1-0


[Site "Internet"]

[Event "Chessable Masters - Torneo preliminare"]
[White "Talibov, Shiroghlan"]
[Black "Esipenko, Andrey"]
[WhiteFideId "13429078"]
[BlackFideId "24175439"]
[WhiteElo "2247"]
[BlackElo "2682"]
[Result "1/2-1/2"]
[Round "2"]
[TimeControl "600+2"]
[Date "2023.03.13"]
[WhiteClock "0:00:22"]
[BlackClock "0:00:11"]

1. e4 e5 2. Nf3 Nc6 3. Bc4 Nf6 4. d3 Bc5 5. O-O O-O 6. c3 d6 7. Nbd2 a5 8. Re1 h6 9. Nf1 Be6 10. Bb5 Ba7 11. Be3 Bxe3 12. Nxe3 Ne7 13. Ba4 Ng6 14. Bc2 c6 15. d4 b5 16. a3 Qc7 17. b4 Rfe8 18. Qd2 axb4 19. axb4 Qb7 20. Nf5 Rxa1 21. Rxa1 Bxf5 22. exf5 Nf4 23. Re1 Qc7 24. g3 N4d5 25. dxe5 dxe5 26. Bb3 e4 27. Nd4 Re5 28. c4 bxc4 29. Bxc4 Qd6 30. Nc2 Qe7 31. Bxd5 Rxd5 32. Qc3 Qd6 33. Ne3 Rd3 34. Qc4 Rd4 35. Qc5 Qxc5 36. bxc5 Nd7 37. Ra1 Nxc5 38. Rc1 Nd3 39. Rxc6 Ra4 40. Rc2 Ra1+ 41. Nf1 Kf8 42. Re2 Ra4 43. Kg2 Ke7 44. Nd2 Ra2 45. Kf1 Nc5 46. f3 e3 47. Nc4 Rxe2 48. Kxe2 Kf6 49. Nxe3 Ke5 50. Kd2 h5 51. Ke2 Nb7 52. Kd3 Nd6 53. f4+ Kf6 54. h3 Nxf5 55. Nxf5 Kxf5 56. Ke3 g5 57. fxg5 Kxg5 58. Kf3 h4 59. gxh4+ Kxh4 60. Kf4 Kxh3 61. Kf5 Kg3 62. Kf6 Kg4 63. Kxf7 1/2-1/2


[Site "Internet"]

[Event "Chessable Masters - Torneo preliminare"]
[White "Lobanov, Sergei"]
[Black "Grischuk, Alexander"]
[WhiteFideId "24183750"]
[BlackFideId "4126025"]
[WhiteElo "2436"]
[BlackElo "2731"]
[Result "1/2-1/2"]
[Round "2"]
[TimeControl "600+2"]
[Date "2023.03.13"]
[WhiteClock "0:00:22"]
[BlackClock "0:00:22"]

1. d4 Nf6 2. c4 e6 3. Nc3 Bb4 4. e3 O-O 5. Bd3 d5 6. a3 Bxc3+ 7. bxc3 dxc4 8. Bxc4 c5 9. Ne2 Qc7 10. Bd3 Nc6 11. O-O e5 12. Ng3 Be6 13. f4 exd4 14. cxd4 Rad8 15. Rb1 Rfe8 16. Nh5 Nxh5 17. Qxh5 f5 18. dxc5 Bf7 19. Qe2 Qd7 20. Bc4 Nd4 21. Qa2 Ne6 22. Qc2 Qe7 23. Qxf5 Rc8 24. Qh3 Nxc5 25. Bxf7+ Qxf7 26. Bb2 Ne4 27. Rbd1 Rcd8 28. Bd4 b5 29. f5 a5 30. Qg4 h5 31. Qh4 Rd5 32. Rf4 Nd6 33. Rdf1 b4 34. axb4 axb4 35. Qe1 Rxf5 36. Qxb4 Rxf4 37. Rxf4 Qg6 38. h3 Kh7 39. Qb3 Nf5 40. Qd3 Nxd4 41. Qxd4 Qe6 42. Rf3 Qe5 43. Qd3+ Qe4 44. Qd7 Qe6 45. Qd4 Qe4 46. Qc5 Qe5 47. Qc2+ Qe4 48. Qf2 Re5 49. Qg3 h4 50. Qf2 Qb1+ 51. Kh2 Qe4 52. Rf4 Qxe3 53. Qxh4+ Kg8 54. Qd8+ Re8 55. Qd5+ Qe6 56. Qg5 Qe5 57. Qg3 Re6 58. h4 Rf6 59. Rxf6 Qxf6 60. Qb8+ Kh7 61. Qg3 Kh8 62. Qg4 Qe5+ 63. Qg3 Qf6 64. Kh3 Qf5+ 65. Qg4 Qd3+ 66. Qf3 Qd7+ 67. g4 Qd6 68. h5 Qe7 69. Qf4 Qd8 70. g5 Qc8+ 71. Kh4 Qd8 72. Qe5 Kg8 73. Qe6+ Kh8 74. Qe5 Kg8 75. Kg4 Qd7+ 76. Kf4 Qf7+ 77. Kg4 Qd7+ 78. Qf5 Qd4+ 79. Qf4 Qd1+ 80. Qf3 Qd7+ 81. Kh4 Qd4+ 82. Kh3 Qd7+ 83. Kh2 Qd2+ 84. Qg2 Qf4+ 85. Kh3 Qf5+ 86. Kh4 Qf4+ 87. Kh3 Qf5+ 88. Qg4 Qf1+ 89. Kh2 Qf2+ 90. Kh3 Qf1+ 91. Kg3 Qg1+ 92. Kh3 Qh1+ 93. Kg3 Qg1+ 94. Kh3 Qh1+ 95. Kg3 Qg1+ 1/2-1/2


[Site "Internet"]

[Event "Chessable Masters - Torneo preliminare"]
[White "Smirnov, Pavel"]
[Black "Maghsoodloo, Parham"]
[WhiteFideId "4123425"]
[BlackFideId "12539929"]
[WhiteElo "2470"]
[BlackElo "2660"]
[Result "1-0"]
[Round "2"]
[TimeControl "600+2"]
[Date "2023.03.13"]
[WhiteClock "0:00:31"]
[BlackClock "0:01:03"]

1. d4 Nf6 2. c4 e6 3. g3 d5 4. Nf3 Bb4+ 5. Bd2 a5 6. Bg2 O-O 7. Qc2 Nbd7 8. O-O c6 9. Rd1 Be7 10. Bf4 b6 11. Nbd2 Ba6 12. b3 Rc8 13. e4 c5 14. exd5 exd5 15. Rac1 cxd4 16. Nxd4 Ba3 17. Rb1 b5 18. Qf5 bxc4 19. bxc4 Bxc4 20. Nxc4 Rxc4 21. Bxd5 Nxd5 22. Qxd5 Qc8 23. Nb5 Nf6 24. Qf3 Bc5 25. Nd6 Bxd6 26. Bxd6 Re8 27. Rb8 Qe6 28. Rxe8+ Qxe8 29. Qf5 a4 30. Rb1 Rc8 31. Be5 Nd7 32. Bd4 Nf8 33. Qg4 Ne6 34. Re1 Qf8 35. Be5 a3 36. Qe4 h6 37. h4 Qd8 38. Kg2 Rc5 39. Re3 Ra5 40. Qf3 Ra4 41. Kh2 Qd2 42. Re2 Qd1 43. Re3 Qc2 44. Re2 Qc4 45. Rd2 Ra5 46. Bd6 Nd4 47. Qe4 Rd5 48. Bf4 f5 49. Qe3 Rd8 50. Qxa3 Qc6 51. Rd3 Kh7 52. Be5 Qc2 53. Bxd4 Rxd4 54. Rxd4 Qxf2+ 55. Kh3 Qf1+ 56. Kh2 Qf2+ 57. Kh3 Qxd4 58. Qf3 Kg6 59. Qc6+ Kh7 60. Qf3 Qc5 61. a4 Kg6 62. g4 fxg4+ 63. Qxg4+ Kf6 64. Qf4+ Ke6 65. Qe4+ Kd6 66. Qg6+ Kd5 67. Qf5+ Kc4 68. Qxc5+ Kxc5 69. h5 Kb4 70. Kg4 Kxa4 71. Kf5 Kb5 72. Kg6 Kc6 73. Kxg7 Kd7 74. Kxh6 Ke7 75. Kg7 1-0


[Site "Internet"]

[Event "Chessable Masters - Torneo preliminare"]
[White "Predke, Alexandr"]
[Black "Harikrishna, Pentala"]
[WhiteFideId "24107581"]
[BlackFideId "5007003"]
[WhiteElo "2582"]
[BlackElo "2627"]
[Result "1/2-1/2"]
[Round "2"]
[TimeControl "600+2"]
[Date "2023.03.13"]
[WhiteClock "0:05:55"]
[BlackClock "0:04:44"]

1. e4 c5 2. Nf3 e6 3. d4 cxd4 4. Nxd4 Nc6 5. Nc3 Qc7 6. Be2 Nf6 7. Ndb5 Qb8 8. f4 a6 9. e5 axb5 10. exf6 b4 11. fxg7 Bxg7 12. Nb5 d5 13. O-O Bd7 14. f5 Be5 15. Bh5 exf5 16. Qxd5 Bxh2+ 17. Kh1 Qe5 18. Qxf7+ Kd8 19. Rd1 Nb8 20. Rd5 Qe1+ 21. Kxh2 Qh4+ 22. Kg1 Qe1+ 23. Kh2 Qh4+ 24. Kg1 Qe1+ 25. Kh2 1/2-1/2


[Site "Internet"]

[Event "Chessable Masters - Torneo preliminare"]
[White "Weetik, Vjacheslav"]
[Black "Raja, Harshit"]
[WhiteFideId "4153472"]
[BlackFideId "5089000"]
[WhiteElo "2445"]
[BlackElo "2361"]
[Result "0-1"]
[Round "2"]
[TimeControl "600+2"]
[Date "2023.03.13"]
[WhiteClock "0:00:07"]
[BlackClock "0:00:31"]

1. d4 Nf6 2. c4 e6 3. g3 d5 4. Nf3 Be7 5. Bg2 O-O 6. O-O dxc4 7. Qc2 b6 8. Nbd2 Bb7 9. Nxc4 Be4 10. Qd1 Nbd7 11. b3 c5 12. Bb2 Rc8 13. Rc1 cxd4 14. Qxd4 Bc5 15. Qd2 Qe7 16. Rfd1 Nd5 17. Qg5 N7f6 18. Nfe5 Bxg2 19. Kxg2 b5 20. Nd7 h6 21. Bxf6 Nxf6 22. Nxf6+ Qxf6 23. Qxf6 gxf6 24. Nd6 Bxd6 25. Rxc8 Rxc8 26. Rxd6 Rc2 27. Ra6 Rxe2 28. Rxa7 f5 29. Kf3 Rc2 30. Ke3 Kg7 31. b4 Kf6 32. a3 Rc3+ 33. Kd4 Rc2 34. f4 h5 35. h4 Rc4+ 36. Kd3 Rc1 37. Kd4 Rc4+ 38. Kd3 Rc1 39. Kd4 Rc2 40. Ra5 Rd2+ 41. Kc5 Rd3 42. Kxb5 Rxg3 43. Kc4 Rf3 44. b5 Rxf4+ 45. Kc5 Rf1 46. b6 Rc1+ 47. Kd6 Rb1 48. Kc6 f4 49. b7 f3 50. Rb5 Rxb5 51. Kxb5 f2 52. b8=Q f1=Q+ 53. Ka5 Qe1+ 54. Qb4 Qe5+ 55. Kb6 Qb8+ 56. Kc6 Qc8+ 57. Kb6 e5 58. a4 Qb8+ 59. Kc5 Qxb4+ 60. Kxb4 Ke6 61. Kc5 Kd7 62. Kd5 f6 63. a5 Kc7 0-1


[Site "Internet"]

[Event "Chessable Masters - Torneo preliminare"]
[White "Guseinov, Gadir"]
[Black "Van Foreest, Lucas"]
[WhiteFideId "13401378"]
[BlackFideId "1039792"]
[WhiteElo "2632"]
[BlackElo "2483"]
[Result "0-1"]
[Round "2"]
[TimeControl "600+2"]
[Date "2023.03.13"]
[WhiteClock "0:03:43"]
[BlackClock "0:08:05"]

1. e4 e5 2. Nf3 Nc6 3. d4 exd4 4. Bc4 Bb4+ 5. c3 dxc3 6. O-O d6 7. Nxc3 Bxc3 8. bxc3 Nf6 9. Bg5 h6 10. Bh4 Bg4 11. h3 Bxf3 12. gxf3 g5 13. Bg3 O-O 14. Rb1 Rb8 15. Re1 Nh5 16. Rb5 a6 17. Rd5 Qf6 18. Rf5 Qxc3 19. Bb3 Nxg3 20. fxg3 Nd4 0-1


[Site "Internet"]

[Event "Chessable Masters - Torneo preliminare"]
[White "Meier, Georg"]
[Black "Volkov, Sergey"]
[WhiteFideId "4675789"]
[BlackFideId "4122763"]
[WhiteElo "2624"]
[BlackElo "2496"]
[Result "1-0"]
[Round "2"]
[TimeControl "600+2"]
[Date "2023.03.13"]
[WhiteClock "0:01:20"]
[BlackClock "0:03:05"]

1. Nf3 d5 2. g3 c6 3. Bg2 Nf6 4. O-O Bg4 5. h3 Bxf3 6. Bxf3 Nbd7 7. d3 e5 8. e4 dxe4 9. dxe4 Bc5 10. Qe2 O-O 11. Nd2 a5 12. a4 Qe7 13. Kg2 Rfd8 14. Rd1 Nf8 15. Nc4 Rxd1 16. Qxd1 N6d7 17. Bd2 Nb6 18. Qe2 Nxc4 19. Qxc4 h6 20. Bg4 Bd4 21. Rb1 Qf6 22. Be1 g6 23. h4 h5 24. Bh3 Kg7 25. b3 Nh7 26. Qe2 Qe7 27. Rd1 Nf6 28. Rd3 Qa3 29. Rf3 Qe7 30. Bd2 Ne8 31. Rd3 Nc7 32. c3 Bb6 33. Rd7 Qe8 34. Be3 Bxe3 35. Qxe3 Ne6 36. Rxb7 Rd8 37. b4 axb4 38. cxb4 Rd1 39. Qb3 Rd6 40. Bxe6 Rxe6 41. a5 Qc8 42. Rb6 Rd6 43. b5 Qg4 44. Qf3 Qxf3+ 45. Kxf3 Rd3+ 46. Ke2 Ra3 47. Rxc6 Rxa5 48. b6 Ra2+ 49. Kd3 Rb2 50. Kc3 Rb1 51. Kc4 f5 52. exf5 gxf5 53. Kd5 e4 54. Kd6 Rb2 55. Kc7 Rxf2 56. b7 Rb2 57. b8=Q Rxb8 58. Kxb8 Kf7 59. Kc7 e3 60. Rc3 f4 61. gxf4 Kf6 62. Rxe3 Kf5 63. Rg3 Kxf4 64. Rg5 Ke3 65. Rxh5 1-0


[Site "Internet"]

[Event "Chessable Masters - Torneo preliminare"]
[White "Mekhitarian, Krikor Sevag"]
[Black "Kamsky, Gata"]
[WhiteFideId "2107660"]
[BlackFideId "2000024"]
[WhiteElo "2594"]
[BlackElo "2630"]
[Result "0-1"]
[Round "2"]
[TimeControl "600+2"]
[Date "2023.03.13"]
[WhiteClock "0:00:05"]
[BlackClock "0:00:42"]

1. Nf3 Nf6 2. c4 b6 3. g3 Bb7 4. Bg2 c5 5. O-O e6 6. Nc3 Be7 7. Re1 d5 8. cxd5 Nxd5 9. e4 Nxc3 10. bxc3 O-O 11. d4 cxd4 12. cxd4 Nc6 13. Bb2 Bf6 14. Qa4 Rc8 15. Rad1 Na5 16. Ne5 Bxe5 17. dxe5 Qe8 18. Qb4 Nc4 19. Bd4 a5 20. Qb3 b5 21. Bf1 Qc6 22. Rc1 Rfd8 23. Bxc4 bxc4 24. Qe3 Rd7 25. f3 Rcd8 26. Bc3 Rd3 27. Qf2 a4 28. a3 h6 29. Bb4 c3 30. Rc2 Ba6 31. Re3 Rxe3 32. Qxe3 Qc4 33. Qe1 Rd3 34. Rxc3 Qd4+ 35. Kg2 Rd2+ 36. Kh3 Re2 37. Qh1 Qxe5 38. Rc5 Qb2 39. Qg1 Rxh2+ 40. Kg4 Kh7 41. Ra5 Bd3 42. Bc3 f5+ 43. Kf4 Qxc3 44. Qxh2 Qxa5 0-1


[Site "Internet"]

[Event "Chessable Masters - Torneo preliminare"]
[White "Sankalp, Gupta"]
[Black "Drozdowski, Kacper"]
[WhiteFideId "5097010"]
[BlackFideId "1136720"]
[WhiteElo "2427"]
[BlackElo "2472"]
[Result "0-1"]
[Round "2"]
[TimeControl "600+2"]
[Date "2023.03.13"]
[WhiteClock "0:00:11"]
[BlackClock "0:04:17"]

1. Nf3 d5 2. c4 c6 3. e3 Nf6 4. Nc3 a6 5. d4 b5 6. cxd5 cxd5 7. Bd3 Bb7 8. O-O e6 9. a4 b4 10. Nb1 Bd6 11. a5 Nc6 12. Qa4 O-O 13. Nbd2 Qe7 14. Nb3 e5 15. dxe5 Nxe5 16. Nxe5 Qxe5 17. f4 Qe7 18. Bd2 Rac8 19. Rac1 Rxc1 20. Rxc1 Ng4 21. g3 Nxe3 22. Nd4 Nc4 23. Nf5 Bc5+ 24. Kg2 Qf6 25. Rc2 Bc8 26. Nh4 Qd4 27. Bxc4 Qg1+ 28. Kf3 Qf2# 0-1


[Site "Internet"]

[Event "Chessable Masters - Torneo preliminare"]
[White "Tregubov, Pavel V."]
[Black "Sjugirov, Sanan"]
[WhiteFideId "4115341"]
[BlackFideId "4189302"]
[WhiteElo "2522"]
[BlackElo "2543"]
[Result "1/2-1/2"]
[Round "2"]
[TimeControl "600+2"]
[Date "2023.03.13"]
[WhiteClock "0:00:25"]
[BlackClock "0:00:12"]

1. e4 c5 2. Nf3 Nc6 3. Bb5 e6 4. O-O Nge7 5. c3 a6 6. Ba4 c4 7. d4 cxd3 8. c4 Ng6 9. Qxd3 Qc7 10. Nc3 Bc5 11. a3 b6 12. b4 Be7 13. Bb2 O-O 14. Rac1 a5 15. bxa5 Rxa5 16. Nb5 Qb8 17. Bc2 d6 18. Rfd1 Nce5 19. Nxe5 dxe5 20. g3 Ra8 21. h4 Bc5 22. h5 Ne7 23. h6 Ba6 24. hxg7 Kxg7 25. Qf3 Bxb5 26. cxb5 Ng6 27. Rd7 Ra7 28. Rcd1 Rxd7 29. Rxd7 Qc8 30. Qd3 Bd4 31. Rxd4 exd4 32. Bxd4+ Kg8 33. Bxb6 Ne5 34. Qe2 Qc3 35. Be3 Rc8 36. Bd1 Qxa3 37. b6 Qb4 38. Bf4 Rc5 39. Kg2 Qb1 40. Ba4 Ra5 41. Qe3 Rxa4 42. Bxe5 f6 43. Bxf6 Qxe4+ 44. Qxe4 Rxe4 45. Bd8 Rb4 46. Bc7 Kf7 47. Kf3 h5 48. Ke3 e5 49. Kd3 Ke6 50. Kc3 Rb1 51. Kc4 Rb2 52. Kc5 Kd7 53. Kd5 Rxf2 54. Bxe5 Kc8 55. Ke4 Kb7 56. Bc7 Rf7 57. Ke3 Rh7 58. Kf4 h4 59. gxh4 Rxh4+ 60. Kg3 Rb4 61. Kf3 Rxb6 62. Bxb6 1/2-1/2


[Site "Internet"]

[Event "Chessable Masters - Torneo preliminare"]
[White "Sattarov, Bobir"]
[Black "Golubev, Mikhail"]
[WhiteFideId "14203081"]
[BlackFideId "14100983"]
[WhiteElo "2333"]
[BlackElo "2361"]
[Result "0-1"]
[Round "2"]
[TimeControl "600+2"]
[Date "2023.03.13"]
[WhiteClock "0:00:07"]
[BlackClock "0:00:19"]

1. e4 c5 2. Nf3 d6 3. d4 cxd4 4. Nxd4 Nf6 5. f3 Nc6 6. Nc3 e5 7. Nb3 Be7 8. Be3 O-O 9. Qd2 a5 10. Bb5 Be6 11. O-O-O Nb4 12. a3 Qc7 13. Kb1 d5 14. axb4 d4 15. Bxd4 exd4 16. Nxd4 axb4 17. Na4 Ra5 18. b3 Rfa8 19. Qe2 Bd7 20. Bxd7 Qxd7 21. Nf5 Rxa4 22. Nxe7+ Kf8 23. bxa4 Qxa4 24. Rd8+ Rxd8 25. Qc4 Ra8 26. Kc1 Qa1+ 27. Kd2 Qxh1 28. Qc5 Qxg2+ 29. Kc1 Qh1+ 30. Kd2 Qxh2+ 31. Kc1 Qh1+ 32. Kd2 Qg2+ 33. Kc1 Qf1+ 34. Kd2 Rd8+ 35. Nd5+ Kg8 36. Qe7 Qf2+ 37. Kc1 Rf8 38. Nxf6+ gxf6 39. Qxf6 Qg1+ 40. Kb2 Qg7 0-1


[Site "Internet"]

[Event "Chessable Masters - Torneo preliminare"]
[White "Cuenca Jimenez, Jose Fernando"]
[Black "Shimanov, Aleksandr"]
[WhiteFideId "2255570"]
[BlackFideId "4198603"]
[WhiteElo "2455"]
[BlackElo "2610"]
[Result "0-1"]
[Round "2"]
[TimeControl "600+2"]
[Date "2023.03.13"]
[WhiteClock "0:00:03"]
[BlackClock "0:00:41"]

1. d4 Nf6 2. c4 d6 3. Nf3 g6 4. Nc3 Bg7 5. e4 O-O 6. Be2 e5 7. d5 h6 8. h3 Na6 9. Be3 Nc5 10. Nd2 a5 11. g4 Nh7 12. Qc2 Bd7 13. h4 Qe7 14. h5 Ng5 15. O-O-O a4 16. Kb1 f5 17. hxg6 fxg4 18. Rh5 Nh3 19. f3 g3 20. Bf1 Nf4 21. Bxf4 exf4 22. Bh3 a3 23. Bxd7 Nxd7 24. Nb5 Ne5 25. Nxa3 Rxa3 26. bxa3 Ra8 27. Nb3 Nxf3 28. Rf5 Rxa3 29. Rxf4 Ng5 30. Rg4 Qe5 31. Re1 Nf3 32. Re3 Rxb3+ 33. Qxb3 Nd2+ 34. Kc2 Nxb3 35. Rxb3 g2 36. Rb1 h5 0-1


[Site "Internet"]

[Event "Chessable Masters - Torneo preliminare"]
[White "Piorun, Kacper"]
[Black "Svane, Rasmus"]
[WhiteFideId "1130420"]
[BlackFideId "4657101"]
[WhiteElo "2491"]
[BlackElo "2621"]
[Result "1/2-1/2"]
[Round "2"]
[TimeControl "600+2"]
[Date "2023.03.13"]
[WhiteClock "0:00:16"]
[BlackClock "0:01:13"]

1. e4 e5 2. Nf3 Nc6 3. Bb5 a6 4. Ba4 Nf6 5. O-O Be7 6. d3 b5 7. Bb3 d6 8. Bd2 Bg4 9. h3 Bxf3 10. Qxf3 Nd4 11. Qd1 O-O 12. Re1 Re8 13. Nc3 a5 14. a4 b4 15. Ne2 Nxb3 16. cxb3 c5 17. Ng3 Nd7 18. Nf5 g6 19. Ne3 Bg5 20. Nc4 Bxd2 21. Qxd2 Nf8 22. f4 exf4 23. Qxf4 Ne6 24. Qxd6 Nd4 25. Rf1 Nxb3 26. Rae1 Qxd6 27. Nxd6 Re7 28. e5 Rd8 29. Rf6 Rdd7 30. g4 Kg7 31. g5 Nd4 32. Kf2 Nc6 33. Nc4 Re6 34. Re3 h6 35. h4 Nd4 36. Nd6 hxg5 37. hxg5 Nc6 38. Ke2 Kf8 39. Rxe6 fxe6 40. Ne4 Ke7 41. Nxc5 Rd5 42. Ne4 1/2-1/2


[Site "Internet"]